AoeStats
← Knacks26

Black Forest

507013702Analyzed
2v2 RM · 15d ago on Sep 16, 2026· 71m 5s· 4 players
Game mode
Random Map
Map size
Medium (4 player)
Population
200
Speed
Normal
Resources
Standard
Victory
Conquest
Starting age
Dark Age
Ending age
Imperial Age
RankedLock teamsTeams togetherTeam positionsShared explorationLock speedFull tech treeHidden civsTurbo modeCheats
Victory
Defeat
🇲🇽 Mongols · Mexico
747
+9
🇲🇽 Bulgarians · Mexico
610
+14
🇪🇸 Britons · Spain
579
-12
🇫🇷 Romans · France
565
-11
Knacks26
0:54 Loom
19:00 Feudal Age
22:08 Wheelbarrow
21:18 Horse Collar
21:31 Gold Mining
21:44 Double-Bit Axe
21:53 Stone Mining
25:21 Castle Age
26:33 Hand Cart
27:27 Bow Saw
29:50 Town Watch
30:43 Town Patrol
30:48 Heavy Plow
34:30 Gold Shaft Mining
34:03 Caravan
37:00 Ballistas
40:39 Imperial Age
38:54 Fortified Wall
38:55 Masonry
38:43 Murder Holes
39:11 Ballistics
39:31 Forging
39:26 Scale Barding Armor
39:23 Scale Mail Armor
42:34 Conscription
43:21 Architecture
42:57 Siege Engineers
43:54 Chemistry
42:48 Guard Tower
42:37 Heavy Scorpion
44:31 Iron Casting
44:17 Chain Barding Armor
44:15 Chain Mail Armor
43:53 Fletching
44:03 Padded Archer Armor
44:50 Guilds
45:15 Coinage
47:00 Crop Rotation
47:04 Comitatenses
47:52 Squires
47:42 Elite Centurion
51:53 Keep
50:59 Crossbowman
52:45 Blast Furnace
52:21 Plate Barding Armor
51:42 Bodkin Arrow
52:00 Man-at-Arms
56:46 Elite Skirmisher
wilpau11
0:50 Loom
11:19 Feudal Age
21:28 Castle Age
19:48 Horse Collar
20:01 Gold Mining
20:02 Stone Mining
20:34 Double-Bit Axe
29:37 Imperial Age
27:53 Yeomen
30:10 Murder Holes
33:26 Conscription
36:53 Chemistry
36:46 Wheelbarrow
38:18 Elite Longbowman
39:49 Fortified Wall
39:59 Ballistics
39:44 Fletching
39:55 Padded Archer Armor
40:46 Heavy Scorpion
41:42 Bodkin Arrow
47:00 Bracer
47:16 Leather Archer Armor
47:25 Warwolf
46:50 Onager
49:19 Ring Archer Armor
48:51 Caravan
49:23 Coinage
49:04 Guilds
DaniSkywalker98
0:55 Loom
12:58 Feudal Age
14:30 Wheelbarrow
13:46 Double-Bit Axe
16:24 Horse Collar
17:58 Gold Mining
17:58 Stone Mining
22:25 Castle Age
21:16 Padded Archer Armor
21:08 Fletching
23:31 Hand Cart
26:10 Bow Saw
30:02 Gold Shaft Mining
30:03 Stone Shaft Mining
30:19 Ballistics
32:09 Heavy Plow
35:56 Imperial Age
37:15 Conscription
38:22 Parthian Tactics
37:22 Elite Mangudai
39:06 Drill
39:26 Siege Engineers
39:35 Thumb Ring
39:53 Leather Archer Armor
40:50 Heavy Scorpion
44:31 Chemistry
47:39 Bodkin Arrow
56:14 Heavy Camel Rider
62:22 Caravan
69:31 Bracer
cdaniel.jr98
0:35 Loom
15:54 Feudal Age
17:10 Town Watch
20:08 Gold Mining
20:09 Stone Mining
20:42 Double-Bit Axe
21:50 Wheelbarrow
23:37 Arson
24:06 Bloodlines
24:01 Horse Collar
27:45 Castle Age
27:00 Forging
26:51 Scale Mail Armor
26:57 Scale Barding Armor
26:43 Fletching
26:54 Padded Archer Armor
28:49 Hand Cart
29:26 Bow Saw
30:36 Gold Shaft Mining
30:20 Caravan
32:01 Masonry
31:47 Murder Holes
32:13 Ballistics
32:52 Heated Shot
33:45 Town Patrol
34:35 Heavy Plow
34:47 Stirrups
37:09 Stone Shaft Mining
35:56 Light Cavalry
36:37 Husbandry
36:03 Elite Skirmisher
41:50 Imperial Age
39:36 Squires
40:40 Pikeman
41:08 Gambesons
43:34 Conscription
44:37 Chemistry
45:00 Architecture
44:50 Elite Konnik
46:47 Chain Barding Armor
47:33 Siege Engineers
48:10 Iron Casting
47:32 Bodkin Arrow
48:46 Bagains
49:46 Plate Barding Armor
49:10 Heavy Scorpion
51:40 Chain Mail Armor
51:36 Halberdier
53:21 Blast Furnace
52:51 Plate Mail Armor
52:22 Bracer
52:38 Leather Archer Armor
53:35 Thumb Ring
54:05 Onager
56:50 Cavalier
60:06 Siege Onager
70:56 Capped Ram
Connection lost

Rejoining the realm…

Still unreachable

The connection could not be restored.

Session expired

The server has moved on; the page needs a fresh start.